 Dungeon Crawl Stone Soup version 0.31-a0-986-g5e6e4ef867 (webtiles) character file.

Game seed: 1547260400150782946

70 jasper the Changeling (level 4, -4/22 HPs)
             Began as a Spriggan Shapeshifter on Nov 20, 2023.
             Killed by divine providence
             ... invoked by an orc priest
              (12 damage)
             ... on level 3 of the Dungeon.
             The game lasted 00:02:26 (1603 turns).

jasper the Changeling (Spriggan Shapeshifter)       Turns: 1603, Time: 00:02:26

Health: -4/22      AC:  2    Str: 12    XL:     4   Next: 3%
Magic:  14/14      EV: 17    Int: 11    God:
Gold:   87         SH:  0    Dex: 14    Spells: 3/3 levels left

rFire   . . .        i - +1 dagger (venom)
rCold   . . .        (no shield)
rNeg    . . .        a - +0 animal skin
rPois   .            (helmet currently unavailable)
rElec   .            (cloak currently unavailable)
rCorr   .            (gloves unavailable)
SInv    +            (boots unavailable)
Will    .....        (no amulet)
Stlth   ++           e - ring of magical power
HPRegen 0.23/turn    h - ring of wizardry
MPRegen 0.14/turn

%: wizardry (x1)
@: beast-form, very quick
A: beast (slay +3), very small, no large weapons, unfitting armour, see
invisible, speed 3
a: Begin Untransformation


You were on level 3 of the Dungeon.
You were a hulking beast.
You visited 1 branch of the dungeon, and saw 3 of its levels.

You collected 129 gold pieces.
You spent 42 gold pieces at shops.

Inventory:

Hand Weapons
 f - a +0 short sword
 i - a +1 dagger of venom (weapon)
 k - a +1 sling
Missiles
 q - 12 poisoned darts
Armour
 a - a +0 animal skin (worn)
Jewellery
 e - a ring of magical power (left hand)
 h - a ring of wizardry (right hand)
 s - the amulet of Fukeis {Acrobat rElec rF+ Slay-5}
   (You found it on level 2 of the Dungeon)

   [amulet of the acrobat]

   Acrobat:   It increases your evasion while moving and waiting.
   Slay-5:    It affects your accuracy & damage with ranged weapons and melee
   (-5).
   rF+:       It protects you from fire.
   rElec:     It insulates you from electricity.
Talismans
 c - a beast talisman
 d - a flux talisman
Scrolls
 n - a scroll of teleportation
Potions
 b - a potion of lignification
 j - a potion of cancellation
 l - 2 potions of attraction {unknown}
 m - 2 potions of curing {unknown}
 o - a potion of berserk rage {unknown}
 p - a potion of enlightenment {unknown}


   Skills:
 - Level 1.0 Fighting
 + Level 1.5 Ranged Weapons
 - Level 2.9 Dodging
 - Level 1.0 Stealth
 - Level 2.4 Unarmed Combat
 * Level 5.4 Shapeshifting


You had 3 spell levels left.
You didn't know any spells.
Your spell library contained the following spells:

 Spells                   Type           Power      Damage    Failure   Level
 Frozen Ramparts          Ice            0%         1d1       38%         3
 Petrify                  Tmut/Erth      0%         N/A       77%         4
 Iskenderun's Battlesphe  Conj           0%         2d6       98%         5
 Metabolic Englaciation   Hex/Ice        0%         N/A       98%         5
 Bombard                  Conj/Erth      0%         9d1       100%        6
 Spellforged Servitor     Conj/Summ      0%         N/A       100%        7


Dungeon Overview and Level Annotations

Branches:
Dungeon (3/15)

Altars:

Shops:
D:2 ?


Innate Abilities, Weirdness & Mutations

You are a hulking beast.
Your limbs bulge with bestial killing power. (Slay +3)
You are very small and have problems with some larger weapons.
You are too small for most types of armour.
You have supernaturally acute eyesight. (SInv)
You cover ground extremely quickly. (Speed+++)


Message History

Health restored: 22; MP restored: 14 You see here a quokka corpse.
Things that are here:
a +0 mace; a +0 scale mail Done exploring.
Done exploring.
Done exploring.
As you read the scroll of teleportation, it crumbles to dust.
You feel strangely unstable.
The air fills with toxic fumes!
As you read the scroll labelled PEZXI NAOCROON, it crumbles to dust.
It was a scroll of poison.
As you read the scroll labelled FIPSIE ACOMIP, it crumbles to dust.
Wisps of shadow whirl around you...
It was a scroll of summoning.
Blink to where?
Press: ? - help, Dir - move target, f - you
Okay, then.
As you read the scroll labelled AFOZ GATAN, it crumbles to dust.
It was a scroll of blinking.
Your surroundings suddenly seem different.
Done exploring.
There is a stone staircase leading down here.
You climb downwards.
Found a potion of lignification and a scroll labelled ZIULAULAVO.
There is a stone staircase leading up here.
The helpless orc fails to defend itself.
You puncture the orc!
The orc is poisoned.
The orc is almost dead.
The orc shouts!
The orc priest shouts! x2
You kill the orc!
The orc priest casts a cantrip, but nothing happens.
The orc priest invokes the aid of Beogh against you.
Pain shoots through your body!
Ouch! That really hurt!
The orc hits you with a +0 mace of protection.
You take 14 damage, and have 8/22 hp.
MASSIVE DAMAGE!!
The orc priest mumbles some strange prayers to Beogh against you.
Beogh smites you!
Ouch! That really hurt!
You die...

.# #. .. ##.#
######..####
#..........#
#..........#
#....oh....#
#!....o.......
#....o.?...##.
############


You could see 2 orc priests and an orc.

Vanquished Creatures
  Terence (D:2)
  An adder (D:2)
  3 dart slugs
  An orc (D:3)
  5 endoplasms
  2 giant cockroaches
  2 hobgoblins (D:1)
  2 quokkas
  A ball python (D:1)
  2 bats
  3 frilled lizards
  2 goblins
  A kobold (D:1)
  3 rats
29 creatures vanquished.

Notes
Turn   | Place    | Note
-------+----------+-------------------------------------------
     0 | D:1      | jasper the Spriggan Shapeshifter began the quest for the
                  | Orb.
     0 | D:1      | Reached XP level 1. HP: 9/9 MP: 2/2
   177 | D:1      | Reached skill level 1 in Fighting
   177 | D:1      | Reached skill level 1 in Stealth
   178 | D:1      | Reached XP level 2. HP: 14/14 MP: 3/3
   696 | D:2      | Found Cosal's Magic Scroll Boutique.
   707 | D:2      | Bought a scroll of teleportation for 42 gold pieces
   878 | D:2      | Noticed Terence
   892 | D:2      | Killed Terence
   893 | D:2      | Reached skill level 1 in Ranged Weapons
   893 | D:2      | Reached skill level 5 in Shapeshifting
   893 | D:2      | Reached XP level 3. HP: 9/18 MP: 4/4
  1209 | D:2      | Identified the amulet of Fukeis {Acrobat rElec rF+ Slay-5}
  1541 | D:2      | Reached XP level 4. HP: 22/22 MP: 5/5
  1603 | D:3      | Killed from afar by an orc priest

Illustrated notes

Levels and vault maps discovered:
D:1:      saegor_arrival_miasma, layout_rooms
D:2:      layout_loops_corners, serial_shops, nicolae_shop_just_a_little_nook,
          uniq_terence
D:3:      layout_rooms

Skill      XL: |  1  2 |
---------------+-------+-----
Fighting       | 1 |  1.0
Stealth        | 1 |  1.0
Ranged Weapons | 1 |  1.5
Shapeshifting  | 5 |  5.4
Dodging        | |  2.9
Unarmed Combat | |  2.4

Action                     |  1- 3 |  4- 6 || total
---------------------------+-------+-------++-------
  Melee: Dagger            |    53 |     1 ||    54
         Short sword       |     2 |       ||     2
         Unarmed           |     1 |       ||     1
         Punch             |     2 |       ||     2
  Throw: Stone             |    21 |       ||    21
         Dart              |     4 |       ||     4
    Use: Scroll            |     3 |     4 ||     7
   Stab: Sleeping          |     4 |     1 ||     5
 Armour: Animal skin       |    13 |     1 ||    14
  Dodge: Dodged            |    33 |       ||    33

Table legend: (Time is in decaauts)
 A = Elapsed time spent in this place.
 B = Non-inter-level travel time spent in this place.
 C = Inter-level travel time spent in this place.
 D = Time resting spent in this place.
 E = Time spent auto-exploring this place.
 F = Levels seen in this place.
 G = Mean time per level.
                   A        B        C        D        E       F      G
               +--------+--------+--------+--------+--------+-----+--------+
         Total |   1088 |   1043 |     45 |      0 |    828 |   3 |  362.7 |
       Dungeon |   1088 |   1043 |     45 |      0 |    828 |   3 |  362.7 |
               +--------+--------+--------+--------+--------+-----+--------+

Top non-repeatable levels by time:
     D:2: 592 daAuts
     D:1: 494 daAuts
     D:3: 1 daAuts
